 Dungeon Crawl Stone Soup version 0.20.1-1-g8b1a95d66d (webtiles) character file.

41115 bodvar the Unseen (level 13, -4/55 HPs)
             Began as a Spriggan Enchanter on Nov 18, 2017.
             Was a High Priest of Kikubaaqudgha.
             Slain by an ettin
             ... wielding a +0 dire flail
              (44 damage)
             ... on level 1 of the Orcish Mines.
             The game lasted 02:32:44 (20184 turns).

bodvar the Unseen (Spriggan Enchanter)             Turns: 20184, Time: 02:32:45

Health: -4/55      AC:  8    Str:  4    XL:     13   Next: 78%
Magic:  24/29      EV: 30    Int: 18    God:    Kikubaaqudgha [*****.]
Gold:   1098       SH:  0    Dex: 24    Spells: 17/35 levels left

rFire    x . .     SeeInvis +   a - +1 dagger
rCold    + . .     Gourm    .   (shield restricted)
rNeg     . . .     Faith    .   T - +0 troll leather armour
rPois    .         Spirit   .   (helmet restricted)
rElec    .         Reflect  .   q - +1 cloak
rCorr    .         Harm     .   (gloves unavailable)
MR       ++...                  (boots unavailable)
Stlth    +++++++...             (no amulet)
Regen    0.6/turn               x - +4 ring of dexterity
MPRegen  0.3/turn               C - ring of ice

@: very quick
A: unfitting armour, hooves 1, slimy green scales 1, see invisible, herbivore 3,
speed 3, slow metabolism 2, no potion heal 1
a: Receive Corpses, Torment, Renounce Religion


You were on level 1 of the Orcish Mines.
You worshipped Kikubaaqudgha.
Kikubaaqudgha was extremely pleased with you.
You were not hungry.

You visited 4 branches of the dungeon, and saw 20 of its levels.
You also visited: Bailey.

You collected 1098 gold pieces.

Inventory:

Hand Weapons
 a - a +1 dagger (weapon)
 b - a +0 rapier
Armour
 q - a +1 cloak (worn)
 T - a +0 troll leather armour (worn)
Jewellery
 i - a +2 ring of protection
 x - a +4 ring of dexterity (left hand)
 C - a ring of ice (right hand)
 J - an uncursed ring of flight
Wands
 j - a wand of iceblast (9/15)
 O - a wand of polymorph (14/24)
 V - a wand of lightning (3/15)
 Z - a wand of digging (7/24)
Scrolls
 h - 4 scrolls of enchant weapon
 m - a scroll of fog {unknown}
 n - 6 scrolls of amnesia
 r - a scroll of holy word {unknown}
 t - 2 scrolls of immolation {unknown}
 u - 7 scrolls of remove curse
 z - a scroll of teleportation
 D - a scroll of magic mapping {unknown}
 H - 3 scrolls of silence
 M - a scroll of summoning {unknown}
 P - 3 scrolls of recharging {unknown}
 W - 2 scrolls of enchant armour {unknown}
 Y - 3 scrolls of blinking
Potions
 e - 2 potions of curing
 g - 2 potions of magic {unknown}
 k - a potion of cancellation {unknown}
 l - 3 potions of ambrosia
 o - a potion of invisibility
 p - a potion of brilliance {unknown}
 v - a potion of haste
 A - 2 potions of might {unknown}
 B - a potion of heal wounds
 E - 4 potions of mutation {unknown}
 F - 3 potions of lignification {unknown}
 G - 2 potions of agility
 R - 4 potions of flight
 S - 4 potions of degeneration {unknown}
Books
 c - a book of Maledictions

   Spells                             Type                      Level
   a - Corona                         Hexes                        1
   b - Ensorcelled Hibernation        Hexes/Ice                    2
   c - Confuse                        Hexes                        3
   d - Tukima's Dance                 Hexes                        3
   e - Dazzling Spray                 Conjuration/Hexes            3
 s - a book of Battle

   Spells                             Type                      Level
   a - Infusion                       Charms                       1
   b - Shroud of Golubria             Charms/Translocation         2
   c - Song of Slaying                Charms                       2
   d - Spectral Weapon                Hexes/Charms                 3
   e - Regeneration                   Charms/Necromancy            3
 w - a book of Minor Magic

   Spells                             Type                      Level
   a - Magic Dart                     Conjuration                  1
   b - Blink                          Translocation                2
   c - Call Imp                       Summoning                    2
   d - Slow                           Hexes                        2
   e - Conjure Flame                  Conjuration/Fire             3
   f - Mephitic Cloud                 Conjuration/Poison/Air       3
 y - a book of the Dragon

   Spells                             Type                      Level
   a - Flame Tongue                   Conjuration/Fire             1
   b - Cause Fear                     Hexes                        4
   c - Bolt of Fire                   Conjuration/Fire             6
   d - Dragon Form                    Transmutation                7
   e - Dragon's Call                  Summoning                    9
 I - Kikubaaqudgha's Tome of Black Arts
   (Kikubaaqudgha gifted it to you on level 7 of the Dungeon)

   Spells                             Type                      Level
   a - Pain                           Necromancy                   1
   b - Corpse Rot                     Necromancy                   2
   c - Sublimation of Blood           Necromancy                   2
   d - Vampiric Draining              Necromancy                   3
   e - Control Undead                 Necromancy                   4
 N - a book of Necromancy

   Spells                             Type                      Level
   a - Pain                           Necromancy                   1
   b - Animate Skeleton               Necromancy                   1
   c - Vampiric Draining              Necromancy                   3
   d - Regeneration                   Charms/Necromancy            3
   e - Animate Dead                   Necromancy                   4
   f - Control Undead                 Necromancy                   4
 U - Kikubaaqudgha's Volume of Stolen Souls
   (Kikubaaqudgha gifted it to you on level 9 of the Dungeon)

   Spells                             Type                      Level
   a - Animate Dead                   Necromancy                   4
   b - Excruciating Wounds            Charms/Necromancy            5
   c - Bolt of Draining               Conjuration/Necromancy       5
   d - Dispel Undead                  Necromancy                   5
   e - Death Channel                  Necromancy                   6
Miscellaneous
 L - a crystal ball of energy
Comestibles
 d - 9 bread rations
 f - 8 royal jellies
 K - 8 fruits


   Skills:
 * Level 10.1 Short Blades
 - Level 1.0 Armour
 * Level 13.0 Dodging
 + Level 16.5 Stealth
 + Level 11.5 Spellcasting
 + Level 11.0 Hexes
 + Level 8.3 Necromancy
 + Level 5.8 Ice Magic
 * Level 1.3 Evocations


You had 17 spell levels left.
You knew the following spells:

 Your Spells              Type           Power        Failure   Level  Hunger
a - Corona                Hex            ######.      1%          1    None
b - Ensorcelled Hibernat  Hex/Ice        ######       1%          2    None
c - Confuse               Hex            ######..     1%          3    None
d - Pain                  Necr           ####         1%          1    None
e - Vampiric Draining     Necr           #####.....   1%          3    None
f - Regeneration          Chrm/Necr      ####......   6%          3    None
g - Dispel Undead         Necr           #####...     11%         5    ####...


Dungeon Overview and Level Annotations

Branches:
Dungeon (11/15)            Temple (0/1) D:6            Lair (6/6) D:9
  Swamp (0/4) Lair:2       Spider (0/4) Lair:3        Slime (2/5) Lair:5
    Orc (1/2) D:11

Altars:
Cheibriados
Elyvilon
Gozag
Kikubaaqudgha
Nemelex Xobeh
Okawaru
Qazlal
Sif Muna
Uskayaw
Vehumet

Annotations:
D:6 vlindergert's ghost, novice MiFi


Innate Abilities, Weirdness & Mutations

You are very small and have problems with some larger weapons.
You are too small for most types of armour.
You have supernaturally acute eyesight. (SInv)
You are a herbivore.
You cover ground extremely quickly.
You need consume almost no food.
You have large cloven feet.
You are partially covered in slimy green scales. (AC +2)
Potions are less effective at restoring your health.


Message History

Press: ? - help, Shift-Dir - straight line, f - orc wizard
Aim: an orc wizard, wielding a dagger and wearing a robe (chance to defeat MR: 72%)
You feel a surge of power!
The orc wizard looks drowsy...
The orc warrior shouts!
The helpless orc wizard fails to defend itself.
You spit the orc wizard like a pig!!!!
You kill the orc wizard!
Kikubaaqudgha accepts your kill.
Casting: Ensorcelled Hibernation
Confirm with . or Enter, or press ? or * to list all spells.
Aiming: Ensorcelled Hibernation
Press: ? - help, Shift-Dir - straight line, f - ettin
Aim: an ettin, wielding two dire flails (chance to defeat MR: 55%)
You feel a surge of power!
The ettin resists with some effort.
The orc warrior throws a tomahawk.
The tomahawk completely misses you.
An orc wizard comes into view. It is wielding a dagger.
The ettin hits you with a dire flail! The ettin hits you with a dire flail!!!
Ouch! That really hurt!
You die...
Kikubaaqudgha rasps: "You have failed me!
Welcome... death!"

#####
####....#.
##.#.......
#.(........
##@)$.##...
#C)......
#.........
#..........
#........o.
##.#.o..oo.
###.......
.....$
......


You could see an ettin, an orc warrior, 2 orc wizards and an orc (wandering).

Vanquished Creatures
  Nessos (Lair:5)
  Harold (Lair:3)
  Erica (Lair:1)
  6 hydras
  3 catoblepae (Lair:6)
  4 two-headed ogres
  Sonja (Lair:3)
  A fire crab (shapeshifter) (D:8)
  Pikel (D:9)
  An ugly thing (D:9)
  2 manticores (Lair:6)
  5 elephants
  4 black mambas
  An eye of devastation (Slime:1)
  8 spiny frogs
  3 rime drakes
  6 komodo dragons
  A jumping spider (Lair:3)
  A polar bear (Lair:5)
  2 trolls
  A hornet (D:9)
  Grinder (D:6)
  5 slime creatures
  12 blink frogs
  4 hippogriffs
  28 yaks
  A shadow (D:9)
  3 wyverns
  4 basilisks
  3 hungry ghosts
  A warg (D:11)
  A soldier ant (D:8)
  An acid dragon (D:8)
  7 water moccasins
  A swamp drake (Lair:2)
  7 porcupines
  2 sky beasts
  6 orc warriors
  3 black bears
  A phantom (D:7)
  An ice beast (D:10)
  5 ogres
  An eye of draining (D:8)
  5 necrophages (Lair:4)
  6 centaurs
  17 crocodiles
  A big kobold (D:8)
  11 bullfrogs
  5 scorpions
  6 killer bees
  4 wights
  3 howler monkeys
  A centaur zombie (D:8)
  4 crimson imps
  A quasit (D:7)
  7 hounds
  8 orc priests
  7 jellies
  A gnoll shaman (D:3)
  11 orc wizards
  6 iguanas
  4 worker ants
  A hound zombie (D:7)
  A worker ant zombie (D:10)
  5 gnolls (D:3)
  8 adders
  4 shadow imps
  An ooze (D:6)
  2 worms
  4 dart slugs
  5 leopard geckos
  55 orcs
  A ball python (D:3)
  7 giant cockroaches
  5 hobgoblins
  6 jackals
  5 quokkas
  3 bats
  4 frilled lizards
  6 goblins
  A jackal skeleton (D:8)
  10 kobolds
  6 rats
  A fungus (Lair:6)
401 creatures vanquished.

Vanquished Creatures (others)
  A hungry ghost (D:9)
  4 slaves (D:9)
  A bullfrog (D:9)
  6 orcs (D:9)
  10 fungi
  8 plants
30 creatures vanquished.

Grand Total: 431 creatures vanquished

Notes
Turn   | Place    | Note
-------+----------+-------------------------------------------
     0 | D:1      | bodvar the Spriggan Enchanter began the quest for the Orb.
     0 | D:1      | Reached XP level 1. HP: 9/9 MP: 5/5
   257 | D:1      | Reached XP level 2. HP: 11/13 MP: 6/6
   283 | D:1      | Learned a level 2 spell: Ensorcelled Hibernation
   429 | D:1      | Reached skill level 5 in Stealth
   995 | D:2      | Reached XP level 3. HP: 16/16 MP: 5/8
  1315 | D:2      | You fall through a shaft for 2 floors!
  1344 | D:4      | Learned a level 3 spell: Confuse
  1530 | D:3      | Found a white marble altar of Elyvilon.
  1627 | D:3      | Found a faded altar of an unknown god.
  1739 | D:3      | Reached XP level 4. HP: 21/21 MP: 9/9
  1786 | D:3      | Reached skill level 6 in Stealth
  2012 | D:3      | Reached XP level 5. HP: 24/24 MP: 0/11
  2472 | D:3      | Found a snail-covered altar of Cheibriados.
  2503 | D:3      | Found a stormy altar of Qazlal.
  2503 | D:3      | Found an ancient bone altar of Kikubaaqudgha.
  2508 | D:3      | Found an iron altar of Okawaru.
  2514 | D:3      | Found a hide-covered altar of Uskayaw.
  2515 | D:3      | Found an opulent altar of Gozag.
  2537 | D:3      | Became a worshipper of Kikubaaqudgha
  2995 | D:4      | Reached skill level 7 in Stealth
  3211 | D:4      | Reached skill level 5 in Hexes
  3369 | D:5      | Entered Level 5 of the Dungeon
  3416 | D:5      | Reached skill level 1 in Evocations
  3416 | D:5      | Reached XP level 6. HP: 28/28 MP: 12/12
  3507 | D:5      | Found a deep blue altar of Sif Muna.
  3565 | D:5      | Reached skill level 1 in Ice Magic
  4447 | D:6      | Found a staircase to the Ecumenical Temple.
  4596 | D:6      | Noticed a sky beast
  4701 | D:6      | Noticed vlindergert's ghost (novice MiFi)
  4741 | D:6      | Reached skill level 1 in Necromancy
  4796 | D:6      | Reached XP level 7. HP: 32/32 MP: 13/13
  4848 | D:6      | Reached skill level 8 in Stealth
  5236 | D:6      | Noticed Grinder
  5261 | D:6      | Killed Grinder
  5350 | D:7      | Reached XP level 8. HP: 36/36 MP: 13/16
  5433 | D:7      | Found a radiant altar of Vehumet.
  5507 | D:7      | Reached skill level 9 in Stealth
  5624 | D:7      | Reached skill level 5 in Dodging
  5666 | D:7      | Reached skill level 5 in Spellcasting
  5977 | D:7      | Reached * piety under Kikubaaqudgha
  5977 | D:7      | Identified Kikubaaqudgha's Tome of Black Arts (Kikubaaqudgha gifted it to you on level 7 of the Dungeon)
  5977 | D:7      | Received a gift from Kikubaaqudgha
  6003 | D:7      | Learned a level 1 spell: Pain
  6007 | D:7      | Learned a level 3 spell: Vampiric Draining
  6743 | D:8      | Reached XP level 9. HP: 39/39 MP: 18/18
  6812 | D:8      | Reached skill level 5 in Short Blades
  6812 | D:8      | Reached skill level 10 in Stealth
  7188 | D:8      | Found a sparkling altar of Nemelex Xobeh.
  7392 | D:8      | Reached ** piety under Kikubaaqudgha
  7675 | D:8      | Reached skill level 11 in Stealth
  7929 | D:8      | Learned a level 3 spell: Regeneration
  7939 | D:8      | Noticed a two-headed ogre
  7961 | D:8      | Killed a two-headed ogre
  7961 | D:8      | Reached XP level 10. HP: 35/44 MP: 7/22
  8357 | D:8      | Noticed a fire crab
  8363 | D:8      | Killed a fire crab
  8891 | D:9      | Noticed Pikel
  8903 | D:9      | Killed Pikel
  8903 | D:9      | Reached skill level 12 in Stealth
  9017 | D:9      | Found a flagged portal.
  9040 | Bailey   | Entered a bailey
  9105 | Bailey   | Noticed an orc knight
  9217 | D:9      | Reached skill level 5 in Necromancy
  9333 | D:9      | Found a staircase to the Lair.
  9392 | D:9      | Reached *** piety under Kikubaaqudgha
  9392 | D:9      | Identified Kikubaaqudgha's Volume of Stolen Souls (Kikubaaqudgha gifted it to you on level 9 of the Dungeon)
  9392 | D:9      | Received a gift from Kikubaaqudgha
  9488 | D:9      | Noticed a brown ugly thing
  9765 | D:9      | Killed a brown ugly thing
  9775 | D:9      | Learned a level 5 spell: Dispel Undead
 10071 | D:9      | Noticed a two-headed ogre
 10082 | D:9      | Noticed a two-headed ogre
 10177 | D:9      | Killed a two-headed ogre
 10177 | D:9      | Reached XP level 11. HP: 47/47 MP: 12/24
 10516 | D:9      | Killed a two-headed ogre
 10839 | Lair:1   | Entered Level 1 of the Lair of Beasts
 10893 | Lair:1   | Reached skill level 13 in Stealth
 11099 | Lair:1   | Noticed Erica
 11268 | Lair:1   | Killed Erica
 11291 | Lair:1   | Reached skill level 10 in Dodging
 11796 | Lair:2   | Reached **** piety under Kikubaaqudgha
 11957 | Lair:2   | Reached skill level 14 in Stealth
 12242 | Lair:2   | Noticed a five-headed hydra
 12246 | Lair:2   | Killed a five-headed hydra
 12246 | Lair:2   | Reached XP level 12. HP: 51/51 MP: 26/26
 12300 | Lair:2   | Found a staircase to the Swamp.
 12358 | Lair:2   | Noticed an eight-headed hydra
 12367 | Lair:2   | Killed an eight-headed hydra
 12505 | Lair:3   | Noticed a seven-headed hydra
 12508 | Lair:3   | Killed a seven-headed hydra
 12659 | Lair:3   | Reached skill level 15 in Stealth
 13125 | Lair:3   | Found a hole to the Spider Nest.
 13137 | Lair:3   | Noticed Sonja
 13139 | Lair:3   | Noticed Harold
 13143 | Lair:3   | Killed Sonja
 13143 | Lair:3   | Reached skill level 5 in Ice Magic
 13148 | Lair:3   | Killed Harold
 13148 | Lair:3   | Reached skill level 10 in Spellcasting
 13261 | Lair:3   | Reached skill level 10 in Hexes
 13368 | Lair:3   | HP: 2/51 [jumping spider (12)]
 13463 | Lair:3   | Reached skill level 1 in Armour
 14008 | Lair:4   | Noticed a six-headed hydra
 14031 | Lair:4   | Killed a six-headed hydra
 14438 | Lair:5   | Found a staircase to the Slime Pits.
 14717 | Slime:1  | Entered Level 1 of the Pits of Slime
 14748 | Slime:2  | Reached ***** piety under Kikubaaqudgha
 14773 | Slime:2  | Noticed a great orb of eyes
 14782 | Slime:1  | Gained mutation: Potions are less effective at restoring your health. [a shining eye]
 14800 | Slime:1  | Gained mutation: You are partially covered in slimy green scales. (AC +2) [a shining eye]
 14803 | Slime:1  | Gained mutation: You have large cloven feet. [a shining eye]
 15034 | Lair:5   | Reached XP level 13. HP: 55/55 MP: 25/28
 15081 | Lair:5   | Noticed Nessos
 15099 | Lair:5   | Killed Nessos
 15313 | Lair:6   | Entered Level 6 of the Lair of Beasts
 15533 | Lair:6   | Reached skill level 16 in Stealth
 18487 | D:10     | Entered Level 10 of the Dungeon
 19185 | D:10     | Reached skill level 10 in Short Blades
 19867 | D:11     | Found a staircase to the Orcish Mines.
 19948 | Orc:1    | Entered Level 1 of the Orcish Mines
 19997 | Orc:1    | Noticed an ettin
 20184 | Orc:1    | Slain by an ettin

Skill      XL: |  1  2  3  4  5  6  7  8  9 10 11 12 13 |
---------------+----------------------------------------+-----
Stealth        | 5 6 7 8 9 11 12 14 15 16 | 16.5
Spellcasting   | 3 4 5 7 8 9 10 11 | 11.5
Hexes          | 4 5 6 7 8 9 10 11 | 11.0
Short Blades   | 2 3 4 5 7 8 9 10 | 10.1
Evocations     | 1 |  1.3
Ice Magic      | 1 2 3 4 5 |  5.8
Necromancy     | 1 2 3 4 5 6 7 8 |  8.3
Dodging        | 4 6 7 9 10 11 13 | 13.0
Armour         | 1 |  1.0

Action                   |  1- 3 |  4- 6 |  7- 9 | 10-12 | 13-15 || total
-------------------------+-------+-------+-------+-------+-------++-------
Melee: Dagger            |    97 |    88 |   154 |   262 |   233 ||   834
       Kick              |       |       |       |       |    79 ||    79
Throw: Throwing net      |       |     2 |       |     3 |       ||     5
       Tomahawk          |       |     3 |       |       |       ||     3
 Cast: Ensorcelled Hiber |    25 |    48 |    81 |   200 |   145 ||   499
       Confuse           |       |     4 |    23 |    52 |    21 ||   100
       Pain              |       |       |     1 |     4 |     5 ||    10
       Dispel Undead     |       |       |       |     4 |     1 ||     5
       Vampiric Draining |       |       |       |     1 |    22 ||    23
       Regeneration      |       |       |       |       |     2 ||     2
Evoke: Wand              |       |       |       |     1 |     4 ||     5
  Use: Scroll            |       |     3 |     2 |    10 |     6 ||    21
       Potion            |       |       |       |     2 |    10 ||    12
 Stab: Sleeping          |    24 |    31 |    54 |   128 |    85 ||   322
       Confused          |       |     3 |    17 |    20 |    14 ||    54
       Distracted        |       |       |     1 |     1 |     2 ||     4
  Eat: Bread ration      |       |     1 |     1 |     1 |     1 ||     4
Armor: Robe              |     6 |     8 |     8 |     2 |       ||    24
       Troll leather arm |       |       |       |    13 |    14 ||    27
Dodge: Dodged            |    74 |    44 |    76 |   189 |   189 ||   572
